 Dungeon Crawl Stone Soup version 0.31.0-1-g2c135a008e (webtiles) character file.

Game seed: 15425510680173983163

11 qw the Shooter (level 2, -4/23 HPs)
             Began as a Djinni Hunter on Jan 23, 2024.
             Slain by a goblin
             ... wielding a +0 hand axe
              (5 damage)
             ... on level 1 of the Dungeon.
             The game lasted 00:00:01 (173 turns).

qw the Shooter (Djinni Hunter)                       Turns: 173, Time: 00:00:01

Health: -4/23      AC:  3    Str: 10    XL:     2   Next: 40%
Gold:   11         EV: 12    Int: 10    God:
                   SH:  0    Dex: 16

rFire   + + .        a - +0 shortbow
rCold   x . .        (shield currently unavailable)
rNeg    . . .        c - +0 leather armour
rPois   inf          (no helmet)
rElec   .            (no cloak)
rCorr   .            (no gloves)
SInv    .            (boots unavailable)
Will    .....        (no amulet)
Stlth   +            (no ring)
HPRegen 0.23/turn    (no ring)
MPRegen 0.00/turn

%: infuse magic (-5 HP)
@: flying
A: sickness immunity, fire resistance 2, cold vulnerability 1, float, innate
caster, HP casting, extra vitality 1
a: no special abilities


You were on level 1 of the Dungeon.
You visited 1 branch of the dungeon, and saw 1 of its levels.

You collected 11 gold pieces.


Innate Abilities, Weirdness & Mutations

You are immune to sickness and miasma.
You are immune to poison.
Your flesh is very heat resistant. (rF++)
You are vulnerable to cold. (rC-)
You float through the air rather than walking.
You learn spells naturally, not from books.
Your magical power is your life essence.
You have superior vitality. (+4 MHP)


   Skills:
 - Level 2.0 Fighting
 + Level 3.7 Ranged Weapons
 - Level 2.1 Dodging
 - Level 0.7 Stealth You didn't know any spells. Your spell library was empty.

Inventory:

Hand Weapons
 a - a +0 shortbow (weapon)
Armour
 c - a +0 leather armour (worn)
 i - a +0 helmet
 j - a +0 ring mail
Scrolls
 b - a scroll of butterflies
 d - a scroll of identify {unknown}
 e - a scroll of vulnerability {unknown}
 h - a scroll of brand weapon {unknown}
Potions
 f - a potion of heal wounds {unknown}
 g - a potion of curing {unknown}

Dungeon Overview and Level Annotations

Branches:
Dungeon (1/15)

Altars:

Shops:
D:1 =


Message History

The jackal bites you. The ball python misses you.
The ball python closely misses you.
The jackal bites you but does no damage.
The jackal barely misses you. The goblin hits you but does no damage.
A goblin comes into view. It is wielding a +0 hand axe.
166 ||| RETREEEEATING.
You shoot an arrow. The goblin shouts!
The arrow hits the goblin!
You kill the goblin!
The jackal bites you but does no damage.
The ball python bites you. The ball python grabs you.
The ball python constricts you. The jackal bites you. x2
The ball python closely misses you. The ball python constricts you.
The jackal closely misses you.
167 ||| RETREEEEATING.
You escape the ball python's grasp.
The jackal misses you.
Things that are here:
a +0 dagger; a jackal corpse
Enter note:
168 ||| RETREEEEATING.
You shoot an arrow.
The arrow hits the jackal but does no damage.
The jackal barely misses you. The ball python barely misses you.
The ball python grabs you. The ball python constricts you.
The jackal bites you but does no damage.
The jackal bites you.
You shoot an arrow. The arrow hits the ball python.
You kill the ball python!
The jackal bites you but does no damage.
The jackal closely misses you.
You shoot an arrow.
The arrow hits the jackal but does no damage.
The jackal misses you. x3; The jackal barely misses you.
You shoot an arrow. The arrow hits the jackal!
You kill the jackal!
The jackal bites you but does no damage.
The goblin hits you with a +0 hand axe. The jackal barely misses you.
You shoot an arrow. The arrow barely misses the jackal.
The jackal closely misses you. The goblin hits you with a +0 hand axe.
You die...

.##.##.#####..(###..#########
#.#.##.# #...###.##
\#.....#####.......#
#.#.###......###...##
.##.....##########..#
....##########......## ..###
.........[...# ##.
#####>hg..#.# . ..
#...##@###..# .. ...g. #.#
#.# .g.$ ..# .# ... ...# .#
.. ..... . ...##. ...# . .###
.#


You could see a jackal and a goblin.

Vanquished Creatures
  A ribbon worm (D:1)
  2 endoplasms (D:1)
  A hobgoblin (D:1)
  2 jackals (D:1)
  A ball python (D:1)
  A goblin (D:1)
  A kobold (D:1)
9 creatures vanquished.

Notes
Turn   | Place    | Note
-------+----------+-------------------------------------------
     0 | D:1      | qw the Djinni Hunter began the quest for the Orb.
     0 | D:1      | Reached XP level 1. HP: 18/18 MP: 0/0
     0 | D:1      | 0 ||| qw: Version: 0.3-a-136-gdd3b4e8
     0 | D:1      | 0 ||| qw: Game counter: 1047
     0 | D:1      | 0 ||| qw: Melee chars always use a shield: true
     0 | D:1      | 0 ||| qw: God list: Okawaru
     0 | D:1      | 0 ||| qw: Allow faded altars: false
     0 | D:1      | 0 ||| qw: Do Orc after clearing Dungeon:15 true
     0 | D:1      | 0 ||| qw: Do second Lair branch before Depths: true
     0 | D:1      | 0 ||| qw: Lair rune preference: random
     0 | D:1      | 0 ||| qw: Goals: Normal
     0 | D:1      | 0 ||| PLANNING D:1-11
    53 | D:1      | Found Ystypt's Jewellery Boutique.
    55 | D:1      | 55 ||| SHOPLISTING +6 ring of strength (396 gold, have 0).
    55 | D:1      | 55 ||| SHOPLISTING ring of Yredelemnul's Reproof {Ice
                  | Int+2} (398 gold, have 0).
    55 | D:1      | 55 ||| SHOPLISTING ring of ice (275 gold, have 0).
    55 | D:1      | 55 ||| SHOPLISTING ring of protection from cold (275 gold,
                  | have 0).
    55 | D:1      | 55 ||| SHOPLISTING ring of protection from fire (275 gold,
                  | have 0).
   121 | D:1      | Reached XP level 2. HP: 23/23 MP: 0/0
   159 | D:1      | 159 ||| RETREEEEATING.
   161 | D:1      | 161 ||| RETREEEEATING.
   163 | D:1      | 163 ||| RETREEEEATING.
   164 | D:1      | 164 ||| RETREEEEATING.
   166 | D:1      | 166 ||| RETREEEEATING.
   166 | D:1      | HP: 4/23 [jackal (2)]
   167 | D:1      | 167 ||| RETREEEEATING.
   168 | D:1      | 168 ||| RETREEEEATING.
   172 | D:1      | HP: 1/23 [goblin/+0 hand axe (4)]
   173 | D:1      | Slain by a goblin

Levels and vault maps discovered:
D:1:      dpeg_arrival_brainrot, layout_rooms, serial_shops,
          nicolae_shop_gaudy_bauble, kennysheep_pointless_box, minivault_14,
          minmay_misc_feat_plants

Action                     || total
---------------------------++-------
   Fire: Shortbow          ||    36
 Armour: Leather armour    ||    31
  Dodge: Dodged            ||    44

Table legend:
 A = Non-vault XP
 B = Vault XP
 C = Vault XP percentage of total XP
 D = Non-vault monster count
 E = Vault monster count
 F = Vault count percentage of total count
                 A         B        C        D         E       F
            +---------+---------+-------+---------+---------+-------
      Total |      13 |       4 |  23.5 |       8 |       1 |  11.1
            +---------+---------+-------+---------+---------+-------
        D:1 |      13 |       4 |  23.5 |       8 |       1 |  11.1
            +---------+---------+-------+---------+---------+-------
